 Dungeon Crawl Stone Soup version 0.31.0-12-g77e489cdc1 (webtiles) character file.

Game seed: 16058752837170052935

13885 Killerpretzel the Mimic (level 12, -1/123 HPs)
             Began as an Octopode Shapeshifter on Mar 5, 2024.
             Was a Priest of Vehumet.
             Slain by Snorg (7 damage)
             ... on level 11 of the Dungeon.
             The game lasted 00:36:39 (13241 turns).

Killerpretzel the Mimic (Octopode Shapeshifter)    Turns: 13241, Time: 00:36:39

Health: -1/123     AC: 26    Str: 17    XL:     12   Next: 10%
Magic:  12/12      EV:  2    Int: 13    God:    Vehumet [***...]
Gold:   525        SH: 11    Dex: 19    Spells: 9/11 levels left

rFire   . .          .
                       - Unarmed
rCold   . . .        k - +0 buckler of Qazlal's Hatred {Str+4 Dex-3 Slay+3}
rNeg    . . .        (helmet currently unavailable)
rPois   +            g - amulet of reflection
rElec   .            f - +5 ring of evasion
rCorr   +            s - +6 ring of dexterity
SInv    +            o - ring of see invisible
Will    .....        v - ring of resist corrosion
Stlth   ++           E - ring of wizardry
HPRegen 0.40/turn    (no ring)
MPRegen 0.13/turn    (no ring)
                     (no ring)

%: reflection, wizardry (x1)
@: mighty, tree-form, studying 2 skills
A: stationary, stasis, torment immunity, boosted hp, almost no armour,
(amphibious), 8 rings, (camouflage 1), (gelatinous body 1), (nimble swimmer 1),
(tentacles)
a: Renounce Religion


You were on level 11 of the Dungeon.
You worshipped Vehumet.
Vehumet was most pleased with you.
You were a tree.
You visited 2 branches of the dungeon, and saw 12 of its levels.

You collected 525 gold pieces.

Inventory:

Missiles
 i - 12 boomerangs (quivered)
 w - 3 throwing nets
Armour
 j - an orb of light
 k - the +0 buckler of Qazlal's Hatred (worn) {Str+4 Dex-3 Slay+3}
   (You found it on level 5 of the Dungeon)

   Str+4:     It affects your strength (+4).
   Dex-3:     It affects your dexterity (-3).
   Slay+3:    It affects your accuracy & damage with ranged weapons and melee
   (+3).
Jewellery
 f - a +5 ring of evasion (left branch)
 g - an amulet of reflection (around neck)
 o - a ring of see invisible (on tentacle)
 s - a +6 ring of dexterity (right branch)
 v - a ring of resist corrosion (on tentacle)
 E - a ring of wizardry (on tentacle)
Talismans
 b - a beast talisman (active)
 c - a flux talisman
 n - a maw talisman
Wands
 z - a wand of paralysis (15)
 C - a wand of iceblast (1)
 D - a wand of polymorph (13)
 K - a wand of mindburst (13)
Scrolls
 l - a scroll of revelation
 m - a scroll of poison
 u - 4 scrolls of torment
 y - a scroll of teleportation
 B - 3 scrolls of enchant armour
 F - 2 scrolls of amnesia
 G - a scroll of vulnerability
 H - 2 scrolls of identify
Potions
 a - a potion of attraction
 e - a potion of brilliance
 h - 2 potions of curing
 q - a potion of berserk rage
 r - 3 potions of invisibility
 x - a potion of mutation {unknown}
 A - a potion of resistance


   Skills:
 + Level 7.6 Fighting
 + Level 7.9 Dodging
 + Level 6.5 Shields
 + Level 8.0 Unarmed Combat
 + Level 6.8 Translocations
 * Level 10.5 Shapeshifting


You had 9 spell levels left.
You knew the following spells:

 Your Spells              Type           Power      Damage    Failure   Level
a - Blink                 Tloc           34%        N/A       1%          2

Your spell library contained the following spells:

 Spells                   Type           Power      Damage    Failure   Level
 Searing Ray              Conj           0%         2d4       6%          2
 Apportation              Tloc           34%        N/A       1%          1
 Magic Dart               Conj           0%         1d3       4%          1
 Passage of Golubria      Tloc           17%        N/A       9%          4
 Call Imp                 Summ           0%         N/A       22%         2
 Jinxbite                 Hex            0%         N/A       22%         2
 Sublimation of Blood     Necr           0%         N/A       22%         2
 Tukima's Dance           Hex            0%         N/A       41%         3
 Yara's Violent Unravell  Hex/Alch       0%         3d3       61%         5
 Alistair's Intoxication  Alch           0%         N/A       98%         5
 Summon Hydra             Summ           0%         N/A       100%        7


Dungeon Overview and Level Annotations

Branches:
Dungeon (11/15)            Temple (1/1) D:7            Lair (0/5) D:8
    Orc (0/2) D:9

Altars:
Ashenzari
Cheibriados
Dithmenos
Elyvilon
Fedhas
Gozag
Hepliaklqana
Kikubaaqudgha
Makhleb
Nemelex Xobeh
Okawaru
Qazlal
Ru
Sif Muna
Trog
Uskayaw
Vehumet
Wu Jian
Xom
Yredelemnul
Zin
The Shining One

Shops:
D:8 *

Annotations:
D:5 3 runed translucent doors, sono's ghost, novice GrFi
D:8 2 transporters, purpleHaze's ghost, novice VSSh
D:11 Snorg
Temple 2 transporters


Innate Abilities, Weirdness & Mutations

You are a tree.
Your roots penetrate the ground, keeping you stationary.
You cannot be teleported.
You are immune to unholy pain and torment.
Your maximum health is greatly increased.
You cannot wear most types of armour.
((You are amphibious.))
You can wear up to eight rings at the same time.
((Your skin changes colour to match your surroundings (Stealth+).))
((Your rubbery body absorbs attacks. (AC +1, EV +1)))
((You are camouflaged when in or above water. (Stealth+)))
((You have tentacles for arms and can constrict up to eight enemies at once.))


Message History

You are too injured to fight recklessly!
Snorg is nearby!
Snorg shouts!
You bludgeon Snorg!
Snorg is lightly wounded.
Snorg goes berserk!
You tentacle-slap Snorg.
Snorg is lightly wounded.
Snorg completely misses you. You block Snorg's attack. Snorg claws you!!
You feel very mighty all of a sudden.
You block Snorg's attack. x2; Snorg closely misses you.
Snorg bites you! Snorg barely misses you. Snorg completely misses you.
You bludgeon Snorg!
Snorg is lightly wounded.
You block Snorg's attack. Snorg completely misses you. Snorg claws you!
Your transformation has ended.
You turn into a tree.
Your roots penetrate the ground.
Snorg bites you but does no damage. You block Snorg's attack.
Snorg claws you but does no damage.
You completely miss Snorg.
Snorg is lightly wounded.
You block Snorg's attack. Snorg claws you but does no damage.
You block Snorg's attack. Snorg bites you! Snorg claws you but does no damage.
Snorg claws you.
You pummel Snorg!! Your punch misses Snorg.
Snorg is moderately wounded.
Snorg bites you but does no damage. Snorg claws you but does no damage.
You block Snorg's attack.
You smack Snorg!
Snorg is moderately wounded.
Snorg bites you. You block Snorg's attack. Snorg claws you!
* * * LOW HITPOINT WARNING * * *
You block Snorg's attack. Snorg claws you but does no damage. Snorg claws you.
* * * LOW HITPOINT WARNING * * *
You pummel Snorg!!
Snorg is heavily wounded.
Snorg bites you!
* * * LOW HITPOINT WARNING * * *
Snorg claws you!
You die...

~~≈≈~~≈≈≈≈ #..###############
.~...~~.##≈##.# # ~~~~~..## ≈≈#.#
# ....g.~...#######.# #
........T.........###############
... .............................
.. ..........###################
.##########...###################
..............)T♣................
....†.........)..................
....†..................##########
########...##########..#
########...##########..#
.......................# ######
.................................
.................................
##############>..................


You could see Snorg (berserk).

Vanquished Creatures
  Erolcha (D:9)
  A centaur warrior (D:9)
  Sonja (D:11)
  Pikel (D:7)
  Maurice (D:7)
  A gargoyle (D:11)
  An unseen horror (D:9)
  Maggie (D:6)
  A komodo dragon (D:8)
  A kobold demonologist (D:9)
  3 hornets
  Sigmund (D:4)
  A shadow (D:11)
  A vampire (D:9)
  A wyvern (D:11)
  18 yaks
  A fire bat (D:6)
  5 steam dragons
  Menkaure (D:7)
  2 acid dragons
  2 water moccasins (D:9)
  8 orc warriors
  3 black bears
  2 ice beasts
  4 centaurs
  An ogre (D:7)
  A lemure (D:7)
  4 kobold brigands
  3 gnoll sergeants
  5 bullfrogs
  6 scorpions
  7 wights
  A killer bee (D:9)
  2 howler monkeys (D:9)
  6 hounds
  7 orc priests
  3 gnoll boudas
  2 jellies (D:5)
  6 iguanas
  5 sleepcaps
  14 orc wizards
  25 gnolls
  4 adders
  5 dart slugs
  4 ribbon worms
  46 orcs
  9 endoplasms
  5 giant cockroaches
  A hobgoblin (D:4)
  4 jackals
  3 quokkas
  6 ball pythons
  9 bats
  3 frilled lizards
  8 goblins
  15 kobolds
  2 rats
285 creatures vanquished.

Notes
Turn   | Place    | Note
-------+----------+-------------------------------------------
     0 | D:1      | Killerpretzel the Octopode Shapeshifter began the quest for
                  | the Orb.
     0 | D:1      | Reached XP level 1. HP: 13/13 MP: 1/1
   222 | D:1      | Reached XP level 2. HP: 16/18 MP: 2/2
   682 | D:1      | Reached XP level 3. HP: 16/23 MP: 3/3
  1397 | D:2      | Reached XP level 4. HP: 26/29 MP: 4/4
  1555 | D:2      | Found a faded altar of an unknown god.
  1976 | D:3      | Noticed an ice beast
  1990 | D:3      | Killed an ice beast
  1991 | D:3      | Reached skill level 4 in Shapeshifting
  1991 | D:3      | Reached XP level 5. HP: 20/34 MP: 5/5
  2616 | D:3      | Learned a level 2 spell: Blink
  2891 | D:4      | Noticed a black bear
  2900 | D:4      | Killed a black bear
  2901 | D:4      | Reached XP level 6. HP: 37/41 MP: 6/6
  2939 | D:4      | Reached skill level 1 in Translocations
  3358 | D:4      | Noticed Sigmund
  3378 | D:4      | Killed Sigmund
  3379 | D:4      | Reached skill level 5 in Shapeshifting
  3379 | D:4      | Reached XP level 7. HP: 26/46 MP: 7/7
  3941 | D:5      | Entered Level 5 of the Dungeon
  4078 | D:5      | Identified the +0 buckler of Qazlal's Hatred {Str+4 Dex-3
                  | Slay+3}
  4231 | D:5      | Noticed sono's ghost (novice GrFi)
  4233 | D:5      | Found a runed translucent gate.
  4234 | D:5      | Found a runed translucent gate.
  4234 | D:5      | Found a runed translucent gate.
  4257 | D:5      | Reached XP level 8. HP: 43/53 MP: 8/8
  4420 | D:5      | Reached skill level 1 in Shields
  4653 | D:5      | Found a blossoming altar of Fedhas.
  4663 | D:5      | Reached skill level 6 in Shapeshifting
  4668 | D:5      | Found an ancient bone altar of Kikubaaqudgha.
  5208 | D:6      | Reached skill level 5 in Unarmed Combat
  5261 | D:6      | You fall into a shaft and drop 3 floors!
  5264 | D:9      | Noticed a yak
  5266 | D:9      | Noticed a yak
  5277 | D:9      | Killed a yak
  5286 | D:9      | Reached XP level 9. HP: 41/59 MP: 9/9
  5292 | D:9      | Reached skill level 5 in Dodging
  5440 | D:9      | Noticed a kobold demonologist
  5648 | D:7      | Found a staircase to the Ecumenical Temple.
  5658 | D:6      | Found a transporter.
  5731 | D:6      | Noticed Maggie
  5742 | D:6      | Killed Maggie
  5743 | D:6      | Reached skill level 5 in Fighting
  5743 | D:6      | Reached skill level 7 in Shapeshifting
  6118 | D:6      | Noticed a hornet
  6126 | D:6      | Killed a hornet
  6174 | D:6      | Found a transporter.
  7150 | D:7      | Noticed Maurice
  7159 | D:7      | Maurice stole a flux talisman
  7160 | D:7      | Killed Maurice
  7161 | D:7      | Reached XP level 10. HP: 56/66 MP: 10/10
  7203 | D:7      | Noticed Pikel
  7225 | D:7      | Killed Pikel
  7343 | D:7      | Reached skill level 8 in Shapeshifting
  7545 | D:7      | Noticed Menkaure
  7551 | D:7      | Killed Menkaure
  7552 | D:7      | Reached skill level 5 in Translocations
  7591 | Temple   | Found a transporter.
  7591 | Temple   | Found a transporter.
  7591 | Temple   | Found a transporter.
  7591 | Temple   | Found a transporter.
  7591 | Temple   | Entered the Ecumenical Temple
  7605 | Temple   | Became a worshipper of Vehumet
  8321 | D:8      | Found a hazy altar of Hepliaklqana.
  8363 | D:8      | Found an iron altar of Okawaru.
  8367 | D:8      | Found a transporter.
  8386 | D:8      | Reached * piety under Vehumet
  8386 | D:8      | Offered knowledge of Sting by Vehumet.
  8416 | D:8      | Noticed purpleHaze's ghost (novice VSSh)
  8424 | D:8      | Found a transporter.
  8441 | D:8      | Noticed a moth of wrath
  8591 | D:8      | Found a staircase to the Lair.
  8707 | D:8      | Found Fenidudd's General Store.
  8975 | D:9      | Noticed Erolcha
  8983 | D:9      | Killed Erolcha
  8984 | D:9      | Reached skill level 5 in Shields
  8984 | D:9      | Reached XP level 11. HP: 34/74 MP: 11/11
  9109 | D:9      | Found a broken altar of Ashenzari.
  9140 | D:9      | Reached skill level 9 in Shapeshifting
  9355 | D:9      | Offered knowledge of Static Discharge by Vehumet.
  9382 | D:9      | Noticed a centaur warrior
  9391 | D:9      | Killed a centaur warrior
  9413 | D:9      | Reached ** piety under Vehumet
  9620 | D:9      | Found a staircase to the Orcish Mines.
  9888 | D:9      | Noticed a soul eater
  9980 | D:9      | Paralysed by a hornet for 2 turns
 10893 | D:10     | Entered Level 10 of the Dungeon
 11188 | D:10     | Offered knowledge of Searing Ray by Vehumet.
 11820 | D:10     | Identified a scroll of acquirement
 11820 | D:10     | Acquired a manual of Shapeshifting
 11970 | D:11     | Found a broken altar of Ashenzari.
 11993 | D:11     | Noticed Sonja
 12012 | D:11     | HP: 3/112 [Sonja/+1 short sword of distortion (5)]
 12013 | D:11     | Killed Sonja
 12014 | D:11     | Reached skill level 10 in Shapeshifting
 12449 | D:11     | Reached XP level 12. HP: 26/81 MP: 12/12
 12451 | D:11     | Reached *** piety under Vehumet
 12967 | D:11     | Noticed Snorg
 13241 | D:11     | HP: 6/123 [Snorg (12)]
 13241 | D:11     | Slain by Snorg

Illustrated notes

Levels and vault maps discovered:
D:1:      ncdulo_halloftheorcs, layout_loops_corners, minmay_hexomino_f4
D:2:      layout_loops_ring, hellmonk_ecumenical_altar_heavens_door,
          kennysheep_generic_room_15
D:3:      layout_basic, mainiacjoe_sewer_entry_somewhere_in_here_2,
          st_stairs_13, minmay_quadrilaterals
D:4:      layout_gridville, hangedman_decor_lopped, uniq_sigmund
D:5:      old_forge, layout_loops_ring, grunt_temple_overflow_growth_and_decay,
          gammafunk_ghost_split, chequers_arboretum,
          kennysheep_decorative_pillar
D:6:      gammafunk_cloud_chamber, layout_loops_corners, uniq_maggie
D:7:      layout_gridville, minmay_temple_entry_junction,
          minmay_manual_monstrance, uniq_pikel, uniq_maurice, uniq_menkaure
D:8:      layout_rooms, mainiacjoe_overflow_catch_the_wave, david_lair_shrubbed,
          gammafunk_ghost_berserking_beasts, serial_shops, shop_fountains
D:9:      nzn_winding_woodlands_cross [nzn_winding_woodlands_5x15_cabin,
          nzn_winding_woodlands_5x15_zeroes, nzn_winding_woodlands_5x15_twine,
          nzn_winding_woodlands_5x15_pool, nzn_winding_woodlands_15x15_killbox],
          layout_basic, mainiacjoe_overflow_catwalk, david_orc_5,
          serial_bayou_lagoon_a, uniq_erolcha
D:10:     layout_long_grid
D:11:     layout_long_grid, kennysheep_minor_cross,
          chequers_serial_rivers_small_3, cheibrodos_ashenzari_chains,
          uniq_snorg, uniq_sonja
Temple:   hellmonk_temple_divided_pantheon

Skill      XL: |  1  2  3  4  5  6  7  8  9 10 11 12 |
---------------+-------------------------------------+-----
Fighting       | 2 3 4 5 6 7 |  7.6
Dodging        | 3 4 5 6 7 |  7.9
Shapeshifting  | 4 5 6 7 8 10 | 10.5
Unarmed Combat | 4 5 6 7 8 |  8.0
Translocations | 1 2 3 4 5 6 |  6.8
Shields        | 2 3 5 6 |  6.5

Action                     |  1- 3 |  4- 6 |  7- 9 | 10-12 || total
---------------------------+-------+-------+-------+-------++-------
  Melee: Unarmed           |    55 |   107 |   152 |   411 ||   725
         Constrict         |    16 |    22 |    34 |    78 ||   150
         Tentacles         |    10 |    19 |    40 |   106 ||   175
         Punch             |     5 |     3 |     8 |    32 ||    48
  Throw: Boomerang         |       |       |    19 |     1 ||    20
    Use: Scroll            |     3 |     6 |     8 |     5 ||    22
         Potion            |       |     1 |       |     9 ||    10
   Stab: Sleeping          |     9 |     7 |     7 |     3 ||    26
         Distracted        |       |       |       |     2 ||     2
 Armour: Skin              |    21 |    35 |    40 |   122 ||   218
  Dodge: Dodged            |    23 |    63 |   107 |   200 ||   393
  Block: Other             |       |    18 |     6 |       ||    24
         Buckler           |       |       |    46 |   189 ||   235
         Reflection        |       |       |     1 |    10 ||    11
   Form: Beast             |     1 |       |       |       ||     1
